SAAA
TORTOLITA DRUMMERS @ CALGARY LYNX
07/13/2028
 
TOP OF THE 1ST
Tortolita Drummers batting - Pitching for Calgary Lynx : RHP Bartolo Ruíz
Pitching: RHP Bartolo Ruíz
Batting: RHB Miguel Canales 0-0: Ball
1-0: Called Strike
1-1: Called Strike
1-2: Ball
2-2: Ball
3-2: Foul Ball, location: 2F
3-2: Strikes out swinging
Batting: RHB Jim Burch 0-0: Swinging Strike
0-1: Foul Ball, location: 2F
0-2: Ground out 6-3 (Groundball, 6MS)
Batting: RHB Keith Best 0-0: Foul Ball, location: 2F
0-1: Called Strike
0-2: Ball
1-2: Strikes out swinging
Top of the 1st over - 0 run(s), 0 hit(s), 0 error(s), 0 left on base; Tortolita 0 - Calgary 0
BOTTOM OF THE 1ST
Calgary Lynx batting - Pitching for Tortolita Drummers : RHP Ricky Jackson
Pitching: RHP Ricky Jackson
Batting: RHB Alan Bryan 0-0: Fly out, F8 (Flyball, 8LXD)
Batting: SHB Lowell Moon 0-0: Called Strike
0-1: Foul Ball, location: 2F
0-2: Ball
1-2: Foul Ball, location: 2F
1-2: Foul Ball, location: 2F
1-2: Fly out, F3 (Popup, 3S)
Batting: LHB Herman Hayes 0-0: Called Strike
0-1: Ball
1-1: Ball
2-1: Ground out 6-3 (Groundball, 6M)
Bottom of the 1st over - 0 run(s), 0 hit(s), 0 error(s), 0 left on base; Tortolita 0 - Calgary 0
TOP OF THE 2ND
Tortolita Drummers batting - Pitching for Calgary Lynx : RHP Bartolo Ruíz
Batting: SHB Marcos Roa 0-0: Foul Ball, location: 2F
0-1: SOLO HOME RUN (Flyball, 9LD), Distance : 339 ft
Batting: LHB Ramón García 0-0: Ball
1-0: Ball
2-0: Ball
3-0: Called Strike
3-1: Fly out, F7 (Flyball, 7)
Batting: RHB Vernon Caw 0-0: Swinging Strike
0-1: Swinging Strike
0-2: Ball
1-2: Ball
2-2: Foul Ball, location: 2F
2-2: Fly out, F9 (Flyball, 9LM)
Batting: SHB Roberto Mosca 0-0: Ball
1-0: Ball
2-0: Ball
3-0: Base on Balls
Batting: RHB Santo Alba 0-0: Ball
1-0: Swinging Strike
1-1: Called Strike
1-2: Ground out 2-3 (Groundball, 2R)
Top of the 2nd over - 1 run(s), 1 hit(s), 0 error(s), 1 left on base; Tortolita 1 - Calgary 0
BOTTOM OF THE 2ND
Calgary Lynx batting - Pitching for Tortolita Drummers : RHP Ricky Jackson
Batting: RHB Gilberto Rodríguez 0-0: Ground out 1-3 (Groundball, P)
Batting: LHB José León 0-0: Ground out 4-3 (Groundball, 34)
Batting: RHB José Jarca 0-0: Ball
1-0: Swinging Strike
1-1: Foul Ball, location: 2F
1-2: Foul Ball, location: 2F
1-2: Strikes out swinging
Bottom of the 2nd over - 0 run(s), 0 hit(s), 0 error(s), 0 left on base; Tortolita 1 - Calgary 0
TOP OF THE 3RD
Tortolita Drummers batting - Pitching for Calgary Lynx : RHP Bartolo Ruíz
Batting: LHB Steve Costillo 0-0: Called Strike
0-1: Foul Ball, location: 2F
0-2: Ball
1-2: Foul Ball, location: 2F
1-2: Foul Ball, location: 2F
1-2: Foul Ball, location: 2F
1-2: Ball
2-2: Strikes out swinging
Batting: RHB Miguel Canales 0-0: Swinging Strike
0-1: Reached on error, E7 (Flyball, 7)
Batting: RHB Jim Burch 0-0: Ball
1-0: SINGLE (Line Drive, 7S)
Miguel Canales to second
Miguel Canales to third
Batting: RHB Keith Best 0-0: Ball
1-0: Ball
2-0: Ball
3-0: Called Strike
3-1: Base on Balls
Jim Burch to second
Batting: SHB Marcos Roa 0-0: Ball
1-0: Ball
2-0: TRIPLE (Flyball, 9LM)
Miguel Canales scores
Jim Burch scores
Keith Best scores
Batting: LHB Ramón García 0-0: Swinging Strike
0-1: Called Strike
0-2: Strikes out swinging
Batting: RHB Vernon Caw 0-0: Ball
1-0: Ball
2-0: Ground out 6-3 (Groundball, 6)
Top of the 3rd over - 3 run(s), 2 hit(s), 1 error(s), 1 left on base; Tortolita 4 - Calgary 0
BOTTOM OF THE 3RD
Calgary Lynx batting - Pitching for Tortolita Drummers : RHP Ricky Jackson
Batting: RHB Hieu De 0-0: Ball
1-0: Ground out 4-3 (Groundball, 34)
Batting: RHB Michael Garrett 0-0: Ground out 6-3 (Groundball, 6S)
Batting: RHB Juan Martínez 0-0: Ball
1-0: Foul Ball, location: 2F
1-1: Called Strike
1-2: Foul Ball, location: 2F
1-2: Ball
2-2: Foul Ball, location: 2F
2-2: Foul Ball, location: 2F
2-2: Foul Ball, location: 2F
2-2: Foul Ball, location: 2F
2-2: Foul Ball, location: 2F
2-2: Foul Ball, location: 2F
2-2: Fly out, F8 (Flyball, 8LM)
Bottom of the 3rd over - 0 run(s), 0 hit(s), 0 error(s), 0 left on base; Tortolita 4 - Calgary 0
TOP OF THE 4TH
Tortolita Drummers batting - Pitching for Calgary Lynx : RHP Bartolo Ruíz
Batting: SHB Roberto Mosca 0-0: Ball
1-0: Ball
2-0: Ball
3-0: Base on Balls
Batting: RHB Santo Alba 0-0: Ball
1-0: Called Strike
1-1: Swinging Strike
1-2: Grounds into double play, 4-6-3 (Groundball, 4M)
Batting: LHB Steve Costillo 0-0: Called Strike
0-1: Called Strike
0-2: Foul Ball, location: 2F
0-2: Ground out U3 (Groundball, 34)
Top of the 4th over - 0 run(s), 0 hit(s), 0 error(s), 0 left on base; Tortolita 4 - Calgary 0
BOTTOM OF THE 4TH
Calgary Lynx batting - Pitching for Tortolita Drummers : RHP Ricky Jackson
Batting: RHB Alan Bryan 0-0: Called Strike
0-1: Swinging Strike
0-2: Ball
1-2: Fly out, F5 (Popup, 5L)
Batting: SHB Lowell Moon 0-0: Ball
1-0: Ball
2-0: Ball
3-0: Called Strike
3-1: Called Strike
3-2: Foul Ball, location: 2F
3-2: Ground out 5-3 (Groundball, 56S)
Batting: LHB Herman Hayes 0-0: Ball
1-0: Ball
2-0: Fly out, F9 (Flyball, 89M)
Bottom of the 4th over - 0 run(s), 0 hit(s), 0 error(s), 0 left on base; Tortolita 4 - Calgary 0
TOP OF THE 5TH
Tortolita Drummers batting - Pitching for Calgary Lynx : RHP Bartolo Ruíz
Batting: RHB Miguel Canales 0-0: Ball
1-0: Fly out, F8 (Flyball, 8LM)
Batting: RHB Jim Burch 0-0: Ball
1-0: Called Strike
1-1: Ball
2-1: SOLO HOME RUN (Flyball, 7LD), Distance : 367 ft
Batting: RHB Keith Best 0-0: Fly out, F2 (Popup, 34S)
Batting: SHB Marcos Roa 0-0: SINGLE (Groundball, 34D)
Batting: LHB Ramón García 0-0: Fly out, F8 (Flyball, 8RD)
Top of the 5th over - 1 run(s), 2 hit(s), 0 error(s), 1 left on base; Tortolita 5 - Calgary 0
BOTTOM OF THE 5TH
Calgary Lynx batting - Pitching for Tortolita Drummers : RHP Ricky Jackson
Batting: RHB Gilberto Rodríguez 0-0: Ball
1-0: Foul Ball, location: 2F
1-1: Swinging Strike
1-2: Ball
2-2: Strikes out swinging
Batting: LHB José León 0-0: Called Strike
0-1: Foul Ball, location: 2F
0-2: Strikes out swinging
Batting: RHB José Jarca 0-0: Ball
1-0: Fly out, F8 (Flyball, 8RM)
Bottom of the 5th over - 0 run(s), 0 hit(s), 0 error(s), 0 left on base; Tortolita 5 - Calgary 0
TOP OF THE 6TH
Tortolita Drummers batting - Pitching for Calgary Lynx : RHP Bartolo Ruíz
Batting: RHB Vernon Caw 0-0: Swinging Strike
0-1: Ball
1-1: Foul Ball, location: 2F
1-2: Ball
2-2: Strikes out swinging
Batting: SHB Roberto Mosca 0-0: Swinging Strike
0-1: Ball
1-1: Foul Ball, location: 2F
1-2: Strikes out swinging
Batting: RHB Santo Alba 0-0: Fly out, F9 (Flyball, 9)
Top of the 6th over - 0 run(s), 0 hit(s), 0 error(s), 0 left on base; Tortolita 5 - Calgary 0
BOTTOM OF THE 6TH
Calgary Lynx batting - Pitching for Tortolita Drummers : RHP Ricky Jackson
Batting: RHB Hieu De 0-0: Called Strike
0-1: Fly out, F8 (Flyball, 8LM)
Batting: RHB Michael Garrett 0-0: Ball
1-0: Ball
2-0: Called Strike
2-1: Fly out, F6 (Line Drive, 56D)
Batting: RHB Juan Martínez 0-0: SINGLE (Line Drive, 56D)
Pitching: RHP Mike Desmond
Batting: RHB Alan Bryan 0-0: Ball
1-0: Ball
2-0: Called Strike
2-1: Fly out, F9 (Flyball, 9S)
Bottom of the 6th over - 0 run(s), 1 hit(s), 0 error(s), 1 left on base; Tortolita 5 - Calgary 0
TOP OF THE 7TH
Tortolita Drummers batting - Pitching for Calgary Lynx : RHP Bartolo Ruíz
Batting: LHB Steve Costillo 0-0: Ball
1-0: Ground out 4-3 (Groundball, 4)
Batting: RHB Miguel Canales 0-0: Swinging Strike
0-1: Fly out, F7 (Line Drive, 7)
Batting: RHB Jim Burch 0-0: Fly out, F9 (Flyball, 9)
Top of the 7th over - 0 run(s), 0 hit(s), 0 error(s), 0 left on base; Tortolita 5 - Calgary 0
BOTTOM OF THE 7TH
Calgary Lynx batting - Pitching for Tortolita Drummers : RHP Mike Desmond
Batting: SHB Lowell Moon 0-0: Ball
1-0: Hit by Pitch
Batting: LHB Herman Hayes 0-0: Called Strike
0-1: Ball
1-1: Foul Ball, location: 2F
1-2: Fly out, F8 (Flyball, 8RD)
Batting: RHB Gilberto Rodríguez 0-0: Ball
1-0: Foul Ball, location: 2F
1-1: Ball
2-1: Foul Ball, location: 2F
2-2: Foul Ball, location: 2F
2-2: Ball
3-2: SINGLE (Line Drive, 6MD)
Lowell Moon to second
Batting: LHB José León 0-0: Ball
1-0: Ball
2-0: Ball
3-0: Base on Balls
Lowell Moon to third
Gilberto Rodríguez to second
Batting: RHB José Jarca 0-0: Swinging Strike
0-1: Ball
1-1: Swinging Strike
1-2: Foul Ball, location: 2F
1-2: Ball
2-2: Strikes out swinging
Batting: RHB Hieu De 0-0: Ball
1-0: Foul Ball, location: 2F
1-1: Foul Ball, location: 2F
1-2: Strikes out swinging
Bottom of the 7th over - 0 run(s), 1 hit(s), 0 error(s), 3 left on base; Tortolita 5 - Calgary 0
TOP OF THE 8TH
Tortolita Drummers batting - Pitching for Calgary Lynx : RHP Bartolo Ruíz
Batting: RHB Keith Best 0-0: Fly out, F8 (Line Drive, 8RM)
Batting: SHB Marcos Roa 0-0: Ball
1-0: Called Strike
1-1: Ball
2-1: Reached on error, E4 (Popup, 4)
Pitching: RHP Bill Ball
Batting: LHB Ramón García 0-0: Ball
1-0: Swinging Strike
1-1: Swinging Strike
1-2: Ball
2-2: Strikes out swinging
Batting: RHB Vernon Caw 0-0: Ball
1-0: Called Strike
1-1: Foul Ball, location: 2F
1-2: SINGLE (Line Drive, 4MD)
Marcos Roa to second
Batting: SHB Roberto Mosca 0-0: Called Strike
0-1: Foul Ball, location: 2F
0-2: Foul Ball, location: 2F
0-2: Strikes out looking
Top of the 8th over - 0 run(s), 1 hit(s), 1 error(s), 2 left on base; Tortolita 5 - Calgary 0
BOTTOM OF THE 8TH
Calgary Lynx batting - Pitching for Tortolita Drummers : RHP Mike Desmond
Batting: RHB Michael Garrett 0-0: Ball
1-0: Called Strike
1-1: Fly out, F7 (Flyball, 7S)
Batting: RHB Juan Martínez 0-0: Foul Ball, location: 2F
0-1: Called Strike
0-2: Strikes out swinging
Pitching: RHP Pedro Figueroa
Batting: RHB Alan Bryan 0-0: Ball
1-0: Foul Ball, location: 2F
1-1: Ball
2-1: Foul Ball, location: 2F
2-2: Ground out 4-3 (Groundball, 4D)
Bottom of the 8th over - 0 run(s), 0 hit(s), 0 error(s), 0 left on base; Tortolita 5 - Calgary 0
TOP OF THE 9TH
Tortolita Drummers batting - Pitching for Calgary Lynx : RHP Bill Ball
Batting: RHB Santo Alba 0-0: Called Strike
0-1: Ball
1-1: Foul Ball, location: 2F
1-2: Ball
2-2: Foul Ball, location: 2F
2-2: Foul Ball, location: 2F
2-2: Strikes out swinging
Batting: LHB Steve Costillo 0-0: Ball
1-0: Ball
2-0: Ball
3-0: Called Strike
3-1: Foul Ball, location: 2F
3-2: Ground out 1-3 (Groundball, 13)
Batting: RHB Miguel Canales 0-0: Ground out 6-3 (Groundball, 6)
Top of the 9th over - 0 run(s), 0 hit(s), 0 error(s), 0 left on base; Tortolita 5 - Calgary 0
BOTTOM OF THE 9TH
Calgary Lynx batting - Pitching for Tortolita Drummers : RHP Pedro Figueroa
Now in LF: Anthony Hopkins
Batting: SHB Lowell Moon 0-0: Called Strike
0-1: Swinging Strike
0-2: Foul Ball, location: 2F
0-2: SINGLE (Line Drive, 4D)
Batting: LHB Herman Hayes 0-0: Ball
1-0: Fly out, F8 (Flyball, 8LM)
Batting: RHB Gilberto Rodríguez 0-0: Ball
Wild Pitch!
Lowell Moon to second
1-0: Swinging Strike
1-1: Swinging Strike
1-2: Fly out, F8 (Flyball, 8RD)
Runner from 2nd tags up, SAFE at 3rd, no throw
Batting: LHB José León 0-0: Ball
1-0: Ball
2-0: Called Strike
2-1: Foul Ball, location: 2F
2-2: Foul Ball, location: 2F
2-2: Fly out, F7 (Flyball, 7S)
Bottom of the 9th over - 0 run(s), 1 hit(s), 0 error(s), 1 left on base; Tortolita 5 - Calgary 0
Tuesday, August 15th, 2017 - OOTP Baseball 17.12 Build 75